 Dungeon Crawl Stone Soup version 0.31-a0-675-g238779eb0a (webtiles) character file.

Game seed: 8316104708631747339

78 qw the Shooter (level 4, 0/28 HPs)
             Began as a Gargoyle Hunter on Sept 5, 2023.
             Slain by a cerulean imp
             ... wielding a +0 spear
             ... summoned by Natasha
              (2 damage)
             ... on level 2 of the Dungeon.
             The game lasted 00:00:32 (1186 turns).

qw the Shooter (Gargoyle Hunter)                    Turns: 1186, Time: 00:00:32

Health: 0/28       AC:  6    Str: 14    XL:     4   Next: 36%
Magic:  4/4        EV: 11    Int: 10    God:
Gold:   100        SH:  0    Dex: 15    Spells: 3/3 levels left

rFire   . . .        Y - +0 shortbow
rCold   . . .        (shield currently unavailable)
rNeg    + . .        c - +0 leather armour
rPois   inf          (no helmet)
rElec   +            (no cloak)
rCorr   .            (no gloves)
SInv    .            (no boots)
Will    .....        (no amulet)
Stlth   ++           (no ring)
HPRegen 0.24/turn    (no ring)
MPRegen 0.09/turn

%: no passive effects
@: slowed, very slow
A: sickness immunity, AC +3, negative energy resistance 1, electricity
resistance, torment resistance 1, petrification resistance
a: no special abilities


You were on level 2 of the Dungeon.
You visited 1 branch of the dungeon, and saw 2 of its levels.

You collected 100 gold pieces.


Innate Abilities, Weirdness & Mutations

You are immune to sickness and miasma.
Your stone body is resilient. (AC +3)
You are immune to poison.
You resist negative energy. (rN+)
You are resistant to electric shocks. (rElec)
You are resistant to unholy torment.
You are immune to petrification.


   Skills:
 - Level 3.2 Fighting
 + Level 5.2 Ranged Weapons
 - Level 1.5 Dodging
 - Level 1.1 Stealth


You had 3 spell levels left.
You didn't know any spells.
Your spell library was empty.

Inventory:

Hand Weapons
 Y - a +0 shortbow (weapon)
Armour
 b - a +2 animal skin
 c - a +0 leather armour (worn)
 d - a +2 helmet of intelligence
Scrolls
 a - a scroll of identify
Potions
 e - a potion of mutation {unknown}
 f - a potion of might {unknown}
 g - a potion of lignification {unknown}

Dungeon Overview and Level Annotations

Branches:
Dungeon (2/15)

Altars:

Annotations:
D:2 Natasha


Message History

Found a stone staircase leading down.
Found a club.
g - a fuming dark potion Natasha, Servant of Life and Death comes into view.
Found a dagger.
Natasha hisses angrily.
You shoot an arrow. The arrow closely misses Natasha.
Natasha mumbles some strange words.
1179 ||| Stepping ~*~*~tactically~*~*~ (outnumbered).
You shoot an arrow.
The arrow closely misses the cerulean imp.
The cerulean imp hits you from afar with a +0 spear.
You shoot an arrow. The arrow misses the cerulean imp.
The cerulean imp hits you but does no damage.
You shoot an arrow.
The arrow hits Natasha but does no damage.
Natasha claws you but does no damage.
The cerulean imp hits you from afar with a +0 spear.
Natasha stares at you and mumbles some strange words.
You feel yourself slow down.
You shoot an arrow. The arrow hits Natasha!
Natasha is severely wounded.
The cerulean imp misses you. Natasha closely misses you.
The cerulean imp closely misses you.
You shoot an arrow. The arrow hits Natasha.
Natasha is severely wounded.
Natasha stares at you and mumbles some strange words.
The magic dart hits you. The cerulean imp closely misses you.
Natasha stares at you and mumbles some strange words.
The magic dart hits you!
The cerulean imp hits you from afar with a +0 spear.
You shoot an arrow. The arrow barely misses Natasha.
Natasha claws you.
The cerulean imp hits you from afar with a +0 spear.
Natasha claws you.
The cerulean imp hits you but does no damage.
You shoot an arrow. The arrow barely misses Natasha.
Natasha misses you.
The cerulean imp hits you from afar with a +0 spear.
You die... 77

######. ..777 P #####.
.P7.7 .. ...#. ..PPPP.#
.####.#) #..P.#.#
.......) #..#)#.#
##..#.#.
####.##.#.####..#.#.
#5h......>........<.
#.h)..#@.##...##........
#.7#7#7.7.#...##.#..#..#
..................#..#
7#7#7.7.#...#.###<#..#
##..#...#.# #....#
##.#.....###....#
#.#...##.%.#.#.#
#...........#..#
#####.####.#.###


You could see Natasha and a cerulean imp (summoned).

Vanquished Creatures
  Robin (D:2)
  A dart slug (D:1)
  2 ball pythons (D:1)
  6 bats
  4 endoplasms
  A giant cockroach (D:1)
  14 goblins
  10 hobgoblins
  7 jackals
  3 quokkas
  A frilled lizard (D:1)
  5 rats
55 creatures vanquished.

Notes
Turn   | Place    | Note
-------+----------+-------------------------------------------
     0 | D:1      | qw the Gargoyle Hunter began the quest for the Orb.
     0 | D:1      | Reached XP level 1. HP: 12/12 MP: 1/1
     0 | D:1      | 0 ||| qw: Version: 0.3-a-75-gb5c8c4b
     0 | D:1      | 0 ||| qw: Game counter: 10
     0 | D:1      | 0 ||| qw: Melee chars always use a shield: true
     0 | D:1      | 0 ||| qw: God list: Okawaru
     0 | D:1      | 0 ||| qw: Allow faded altars: false
     0 | D:1      | 0 ||| qw: Do Orc after clearing Dungeon:15 true
     0 | D:1      | 0 ||| qw: Do second Lair branch before Depths: true
     0 | D:1      | 0 ||| qw: Lair rune preference: random
     0 | D:1      | 0 ||| qw: Goals: Normal
     0 | D:1      | 0 ||| PLANNING D:1-11
    94 | D:1      | Reached XP level 2. HP: 17/17 MP: 2/2
   336 | D:1      | Reached XP level 3. HP: 21/21 MP: 3/3
   343 | D:1      | Reached skill level 5 in Ranged Weapons
   658 | D:1      | 658 ||| READING 2 scrolls labelled TITECO FEROECS.
   659 | D:1      | 659 ||| DROPPING scroll of butterflies.
   704 | D:2      | 704 ||| STAIRDANCE
   732 | D:2      | Noticed Robin
   742 | D:2      | Killed Robin
   743 | D:2      | Reached skill level 3 in Fighting
   743 | D:2      | Reached XP level 4. HP: 17/28 MP: 4/4
  1177 | D:2      | Noticed Natasha
  1179 | D:2      | 1179 ||| Stepping ~*~*~tactically~*~*~ (outnumbered).
  1185 | D:2      | HP: 6/28 [cerulean imp/+0 spear[Natasha] (3)]
  1185 | D:2      | HP: 2/28 [Natasha (4)]
  1186 | D:2      | Slain by a cerulean imp

Levels and vault maps discovered:
D:1:      scummos_arrival_checkerplants, layout_loops_cross
D:2:      layout_loops_ring, serial_forest, infiniplex_forest_straight_4,
          infiniplex_forest_lined_2, infiniplex_forest_lined_2,
          infiniplex_forest_lined_room_2, infiniplex_forest_clump_medium,
          uniq_natasha, uniq_robin

Skill      XL: |  1  2  3 |
---------------+----------+-----
Ranged Weapons | 5 |  5.2
Fighting       | 3 |  3.2
Dodging        | |  1.5
Stealth        | |  1.1

Action                     |  1- 3 |  4- 6 || total
---------------------------+-------+-------++-------
   Fire: Shortbow          |    99 |    46 ||   145
    Use: Scroll            |     1 |       ||     1
 Armour: Leather armour    |    25 |    19 ||    44
  Dodge: Dodged            |    24 |    20 ||    44

Table legend:
 A = Non-vault XP
 B = Vault XP
 C = Vault XP percentage of total XP
 D = Non-vault monster count
 E = Vault monster count
 F = Vault count percentage of total count
                 A         B        C        D         E       F
            +---------+---------+-------+---------+---------+-------
      Total |      80 |      32 |  28.6 |      44 |      11 |  20.0
            +---------+---------+-------+---------+---------+-------
        D:1 |      55 |       0 |   0.0 |      29 |       0 |   0.0
        D:2 |      25 |      32 |  56.1 |      15 |      11 |  42.3
            +---------+---------+-------+---------+---------+-------
